Description

An All-in Bane Bust for ZvT

VOD

https://www.youtube.com/watch?v=SFlLStkNSq4

Replay - zvt lingbane rush

Build Order

Get SALT Encoding   

  12  0:01  Drone  
  13  0:13  Overlord  
  13  0:18  Drone  
  14  0:32  Drone x3  
  17  0:53  Hatchery  
  17  0:57  Drone x2  
  18  1:10  Extractor  
  17  1:14  Spawning Pool  
  17  1:17  Drone x2  
  18  1:29  Drone  
  19  1:39  Overlord  
  20  2:00  Queen x2  
  22  2:01  Zergling x4  
  26  2:11  Metabolic Boost  
  26  2:14  Zergling x2  
  31  2:50  Overlord  
  31  2:51  Hatchery  
  31  3:01  Baneling Nest  
  33  3:21  Overlord  
  33  3:26  Zergling x12  
  39  3:37  Overlord  
  39  3:49  Zergling x2  
  50  4:15  Baneling x10  
Spawning Tool Build Advisor. Get it on Overwolf

Go to:

Details

  • Created by: PiG      
  • Published on: Jun 08, 2017
  • Modified on: Jun 08, 2017
  • Patch: 3.8.0
Show
View Real Time Build Order
Export as new Build Order

Comments (2)

On Oct. 3, 2017, 5:43 a.m., PiG  said:

If they got Blue flame hellions out you are indeed hitting incredibly late. Check your execution and remember you are barely droning your natural and only using the 3rd base as a macro hatch. It also sells the story of you playing a normal game making catching enemy hellions out much easier.

On Oct. 1, 2017, 7:39 p.m., moosebutter  said:

Had problems with this losing to blue flame hellions. I think a bust needs to be faster than a 3rd hatch.

Create an account to comment!